 Dungeon Crawl Stone Soup version 0.22-a0-609-gfedc9ff (webtiles) character file.

21 Mgcat the Slasher (level 2, -1/24 HPs)
             Began as a Barachi Monk on July 11, 2018.
             Slain by a leopard gecko (3 damage)
             ... on level 1 of the Dungeon.
             The game lasted 00:02:50 (359 turns).

Mgcat the Slasher (Barachi Monk)                     Turns: 359, Time: 00:02:50

Health: -1/24      AC:  2    Str: 12    XL:     2   Next: 87%
Magic:  2/2        EV: 13    Int: 10    God:
Gold:   26         SH:  0    Dex: 14    Spells: 1/1 levels left

rFire    . . .     SeeInvis .   e - +1 short sword (venom)
rCold    . . .     Gourm    .   (no shield)
rNeg     . . .     Faith    .   b - +0 robe
rPois    .         Spirit   .   (no helmet)
rElec    .         Reflect  .   (no cloak)
rCorr    .         Harm     .   (no gloves)
MR       .....                  (no boots)
Stlth    ++........             (no amulet)
HPRegen  0.08/turn              (no ring)
MPRegen  0.08/turn              (no ring)

@: slow
A: +LOS, swims, slowness 1, strong legs 1
a: Hop


You were on level 1 of the Dungeon.
You were not hungry.

You visited 1 branch of the dungeon, and saw 1 of its levels.

You collected 26 gold pieces.

Inventory:

Hand Weapons
 a - a +0 falchion
 e - a +1 short sword of venom (weapon)
   (You took it off a kobold on level 1 of the Dungeon)
Armour
 b - a +0 robe (worn)
Potions
 f - a potion of might {unknown}
Comestibles
 c - a ration
 d - 5 chunks of flesh {@w0}


   Skills:
 - Level 3.6 Fighting
 + Level 4.9 Long Blades
 - Level 3.2 Dodging
 - Level 1.7 Stealth


You had one spell level left.
You didn't know any spells.
Your spell library was empty.

Dungeon Overview and Level Annotations

Branches:
Dungeon (1/15)

Altars:


Innate Abilities, Weirdness & Mutations

Shadows flee at your approach. (+LOS)
You can swim through water.
You cover ground slowly.
You can hop short distances.


Message History

You kill the bat!
The jackal bites you.
You barely miss the jackal.
The jackal bites you but does no damage.
A goblin comes into view. It is wielding a club.
You closely miss the jackal. The jackal closely misses you.
The jackal barely misses you.
You hit the jackal.
The jackal is poisoned.
The jackal is severely wounded.
You kill the jackal!
You hit the giant cockroach.
The giant cockroach is severely wounded.
The giant cockroach barely misses you. x2
You hit the giant cockroach.
You kill the giant cockroach!
You barely miss the jackal. The jackal barely misses you.
You closely miss the jackal. The jackal bites you. x2
You hit the jackal but do no damage.
The jackal is poisoned.
The jackal barely misses you.
You barely miss the jackal.
The jackal is moderately wounded.
The jackal bites you but does no damage.
You hit the jackal.
The jackal looks as sick as possible!
The jackal is severely wounded.
The jackal bites you but does no damage. x2
You completely miss the jackal.
The jackal is severely wounded.
The jackal bites you.
You hit the jackal.
You kill the jackal!
You hit the jackal.
The jackal is heavily wounded.
The jackal bites you. x2
* * * LOW HITPOINT WARNING * * *
You hit the jackal.
You kill the jackal!
The bat misses you.
The bat closely misses you. x2; The bat misses you.
Things that are here:
a jackal corpse x2; a bat corpse You hit the bat.
The bat is poisoned.
The bat is severely wounded.
The bat closely misses you.
You hit the bat but do no damage.
The bat looks as sick as possible!
The bat is severely wounded.
You kill the bat!
You barely miss the goblin. The goblin hits you but does no damage.
You hit the goblin but do no damage.
The goblin is poisoned.
The goblin closely misses you.
You hit the goblin.
You kill the goblin!
Things that are here:
a club; a leather armour; a bat corpse A leopard gecko comes into view.
A leopard gecko is nearby!
You are too injured to fight recklessly!
Things that are here:
a jackal corpse x2; a bat corpse A leopard gecko is nearby!
A leopard gecko is nearby!
A leopard gecko is nearby!
Things that are here:
a jackal corpse x2; a bat corpse You butcher the jackal corpse.
d - 6 chunks of flesh {@w0} (gained 1)
Things that are here:
a jackal skeleton; a jackal corpse; a bat corpse A jackal comes into view.
Things that are here:
a club; a leather armour; a bat corpse The jackal barks!
The jackal bites you.
* * * LOW HITPOINT WARNING * * *
The jackal closely misses you.
You miss the jackal. The jackal misses you.
You closely miss the jackal. The jackal closely misses you.
The jackal bites you but does no damage.
The leopard gecko bites you.
* * * LOW HITPOINT WARNING * * *
The jackal barely misses you. The leopard gecko barely misses you.
Things that are here:
a club; a leather armour; a bat corpse
Things that are here:
a jackal skeleton; a jackal corpse; a bat corpse You barely miss the leopard gecko.
The leopard gecko bites you.
* * * LOW HITPOINT WARNING * * *
You miss the leopard gecko.
The leopard gecko hisses menacingly.
The leopard gecko bites you but does no damage.
The leopard gecko barely misses you.
You barely miss the leopard gecko. The leopard gecko barely misses you.
Some of the chunks of flesh in your inventory have rotted away.
You hit the leopard gecko.
The leopard gecko is poisoned.
The leopard gecko is moderately wounded.
The leopard gecko closely misses you.
You hit the leopard gecko but do no damage.
The leopard gecko is moderately wounded.
The leopard gecko bites you.
You die...

. #.... ...# #.. ..
#..#####..# #.. #..
#.....##..#######..
#...###..................
#...†...>.##.(##......)
#......#.###..........(
#.####h#.# ##.##.....## #
#l#.# #.##.....# #@#.#
#....#.#### #.#.#
####.#.# #. #.#.# #.#.#
#. #.#.. #.#.# #. #.###
#.#.. #.# #.### #.# #.#
#.. #.# #.# #.#


You could see a leopard gecko and a jackal.

Vanquished Creatures
  3 bats (D:1)
  2 giant cockroaches (D:1)
  4 goblins (D:1)
  A hobgoblin (D:1)
  3 jackals (D:1)
  2 kobolds (D:1)
  A frilled lizard (D:1)
  3 rats (D:1)
19 creatures vanquished.

Notes
Turn   | Place    | Note
-------+----------+-------------------------------------------
     0 | D:1      | Mgcat the Barachi Monk began the quest for the Orb.
     0 | D:1      | Reached XP level 1. HP: 18/18 MP: 1/1
    53 | D:1      | Reached skill level 4 in Long Blades
   145 | D:1      | Reached XP level 2. HP: 24/24 MP: 2/2
   320 | D:1      | HP: 6/24 [jackal (3)]
   351 | D:1      | HP: 5/24 [leopard gecko (3)]
   355 | D:1      | HP: 2/24 [leopard gecko (3)]
   359 | D:1      | Slain by a leopard gecko

Vault maps used:
D:1:      zelgadis_glass_arrival_small, minmay_bisected

Skill      XL: |  1 |
---------------+----+-----
Long Blades    | 4 |  4.9
Fighting       | |  3.6
Dodging        | |  3.2
Stealth        | |  1.7

Action                   || total
-------------------------++-------
Melee: Falchion          ||    16
       Short sword       ||    42
  Use: Potion            ||     2
 Stab: Sleeping          ||     2
Armor: Robe              ||    10
Dodge: Dodged            ||    56
       Rpst.: Falchion   ||     4

Table legend:
 A = Spawn XP
 B = Non-spawn XP
 C = Spawn XP percentage of total XP
 D = Spawn monster count
 E = Non-spawn monster count
 F = Spawn count percentage of total count
 G = Total turns spent on level
                    A         B        C        D         E        F      G
               +---------+---------+-------+---------+---------+-------+---------
         Total |       0 |      31 |   0.0 |       0 |      19 |   0.0 |   359
               +---------+---------+-------+---------+---------+-------+---------
           D:1 |       0 |      31 |   0.0 |       0 |      19 |   0.0 |   359
               +---------+---------+-------+---------+---------+-------+---------

Vault maps used:
D:1:      zelgadis_glass_arrival_small, minmay_bisected

Table legend:
 A = Turns spent in this place as a percentage of turns spent in the entire game.
 B = Non-inter-level travel turns spent in this place as a percentage of non-inter-level travel turns spent in the entire game.
 C = Inter-level travel turns spent in this place as a percentage of turns spent in this place.
 D = Turns resting spent in this place as a percentage of non-inter-level travel turns spent in this place.
 E = Turns spent auto-exploring this place as a percentage of non-inter-level travel turns spent in this place.
 F = Non-inter-level travel turns spent in this place divided by the number of levels of this place that you've seen.
                   A       B       C       D       E      F
               +-------+-------+-------+-------+-------+----------------------
         Total | 100.0 | 100.0 |   4.7 |   0.0 |  59.6 | 342.0
       Dungeon | 100.0 | 100.0 |   4.7 |   0.0 |  59.6 | 342.0
               +-------+-------+-------+-------+-------+----------------------

Table legend:
 A = Kills in this place as a percentage of kills in entire the game.
 B = Kills by you in this place as a percentage of kills by you in the entire game.
 C = Kills by friends in this place as a percentage of kills by friends in the entire game.
 D = Other kills in this place as a percentage of other kills in the entire game.
 E = Experience gained in this place as a percentage of experience gained in the entire game.
 F = Experience gained in this place divided by the number of levels of this place that you have seen.
                   A       B       C       D       E      F
               +-------+-------+-------+-------+-------+----------------------
         Total | 100.0 | 100.0 |   N/A |   N/A | 100.0 |  31.0
       Dungeon | 100.0 | 100.0 |   N/A |   N/A | 100.0 |  31.0
               +-------+-------+-------+-------+-------+----------------------
